 Dungeon Crawl Stone Soup version 0.29.1-12-g30fa7ad0bf (webtiles) character file.

Game seed: 626248293502633644

5047 cowcol the Basher (level 10, -3/83 HPs)
             Began as a White Draconian Berserker on Dec 19, 2022.
             Was a High Priest of Trog.
             Slain by Erica
             ... wielding a +4 scimitar of flaming
              (11 damage)
             ... on level 9 of the Dungeon.
             The game lasted 00:28:43 (10373 turns).

cowcol the Basher (White Draconian Berserker)      Turns: 10373, Time: 00:28:43

Health: -3/83      AC:  7    Str: 26    XL:     10   Next: 30%
Magic:  10/10      EV: 14    Int:  8    God:    Trog [*****.]
Gold:   597        SH:  5    Dex: 12    Spells: 9/9 levels left

rFire   + . .      SeeInvis +   l - +3 mace of the Moon {protect, Fly rElec rF+ rN+ Str-2}
rCold   + . .      Faith    .   (no shield)
rNeg    + . .      Spirit   .   (body armour unavailable)
rPois   .          Reflect  +   (helmet restricted)
rElec   +          Harm     .   (no cloak)
rCorr   .          Rampage  .   (no gloves)
Will    .....                   (no boots)
Stlth   ++........              j - amulet of reflection
HPRegen 0.23/turn               k - +6 ring of strength
MPRegen 0.12/turn               q - ring of see invisible

@: lethally poisoned (-3 -> -10), flying
A: breathe frost, AC +7, unfitting armour, cold resistance 1, cold-blooded
a: Breathe Frost, Renounce Religion, Berserk, Trog's Hand, Brothers in Arms


You were on level 9 of the Dungeon.
You worshipped Trog.
Trog was extremely pleased with you.
You visited 1 branch of the dungeon, and saw 9 of its levels.
You also visited: Sewer.

You collected 597 gold pieces.

Inventory:

Hand Weapons
 a - a +0 hand axe
 e - a +0 whip
 l - the +3 mace of the Moon (weapon) {protect, Fly rElec rF+ rN+ Str-2}
   (You found it on level 2 of the Dungeon)

   It grants its wielder temporary protection when it strikes (+7 to AC).
   Str:       It affects your strength (-2).
   rF:        It protects you from fire.
   rElec:     It insulates you from electricity.
   rN:        It protects you from negative energy.
   Fly:       It grants you flight.
 n - a +0 club
 o - a +0 rapier
 p - a +0 dagger
 r - a +0 trident
 F - a +4 vorpal spear
 H - a +0 war axe
 K - a +0 great sword
Missiles
 A - an atropa-tipped dart (quivered)
 C - 2 poisoned darts
 D - a throwing net
 N - 3 curare-tipped darts
Jewellery
 j - an amulet of reflection (around neck)
 k - a +6 ring of strength (left hand)
 q - a ring of see invisible (right hand)
 s - a +6 ring of intelligence
 x - a ring of protection from cold
 G - a ring of poison resistance
Wands
 u - a wand of acid (10)
 y - a wand of roots (10)
 E - a wand of polymorph (12)
 I - a wand of flame (6)
Scrolls
 b - 2 scrolls of immolation
 h - 7 scrolls of teleportation
 m - 2 scrolls of enchant armour
 t - a scroll of magic mapping
 z - a scroll of fog {unknown}
 B - a scroll of brand weapon
 M - a scroll of amnesia {unknown}
 O - a scroll of identify
Potions
 c - 2 potions of degeneration {unknown}
 d - 5 potions of flight
 f - 3 potions of lignification
 g - 8 potions of curing
 i - 4 potions of heal wounds {unknown}
 v - 2 potions of attraction {unknown}
 w - a potion of berserk rage {unknown}
 J - 2 potions of haste


   Skills:
 + Level 5.9 Fighting
 + Level 0.8(3.3) Short Blades
 * Level 5.1(5.2) Long Blades
 * Level 5.8(9.1) Axes
 * Level 10.2(10.9) Maces & Flails
 * Level 3.4(5.1) Polearms
 + Level 0.9 Throwing
 + Level 5.7 Dodging
 + Level 2.2 Stealth
 - Level 0.6 Shields


You had 9 spell levels left.
You didn't know any spells.
Your spell library was empty.

Dungeon Overview and Level Annotations

Branches:
Dungeon (9/15)             Temple (0/1) D:4           Sewer (visited)
   Lair: D:8-11         Orc: D:9-12

Altars:
Ashenzari
Cheibriados
Elyvilon
Gozag
Makhleb
Ru
Yredelemnul

Shops:
D:6 :

Annotations:
D:9 Erica


Innate Abilities, Weirdness & Mutations

You can breathe waves of freezing cold which knock back foes.
Your icy white scales are hard. (AC +7)
You cannot fit into any form of body armour.
Your flesh is cold resistant. (rC+)
You are cold-blooded and may be slowed by cold attacks.


Message History

* * * LOW HITPOINT WARNING * * *
The orc warrior closely misses you.
You barely miss the orc warrior. You tail-slap the orc warrior!
The orc warrior is severely wounded.
The orc warrior hits you with a +0 war axe!
* * * LOW HITPOINT WARNING * * *
The orc warrior hits you but does no damage.
You feel better. You block the orc warrior's attack.
The orc warrior hits you with a +0 halberd!
* * * LOW HITPOINT WARNING * * *
As you read the scroll of fear, it crumbles to dust.
You assume a fearsome visage.
The orc warrior looks frightened! x2
The orc warrior cries, "Mercy!"
Things that are here:
a +0 mace; a +0 chain mail; an orc corpse
As you read the scroll of teleportation, it crumbles to dust.
You feel strangely unstable.
Your surroundings suddenly seem different.
An electric eel comes into view.
Found a club.
The killer bee buzzes angrily.
The killer bee buzzes angrily. x2
The killer bee stings you but does no damage.
You block the killer bee's attack.
Erica the Fiery-Tempered comes into view.
She is wielding a +4 scimitar of flaming.
The killer bee closely misses you.
The killer bee attacks as you move away!
The killer bee barely misses you.
The killer bee buzzes angrily.
You block the killer bee's attack. The killer bee closely misses you.
The killer bee attacks as you move away!
The killer bee stings you!
* * * LOW HITPOINT WARNING * * *
You are poisoned.
The killer bee poisons you!
Found 3 stones.
* * * LOW HITPOINT WARNING * * *
You feel very sick. You block the killer bee's attack.
Erica hits you with a +4 scimitar of flaming!
You die...

#..≈≈# ##########
#.≈≈# ..........
#.≈≈# ..........
#.≈≈# ........8.
#y≈≈# ......o...
#y≈≈# ..........
#.S≈#############
###yy≈≈≈≈≈≈ ≈
#.@.≈≈≈≈≈≈≈ ≈
#@#...).... .
#.#######.. . #'
.. # .. .( ...
...


You could see Erica, 4 killer bees and an electric eel.

Vanquished Creatures
  Prince Ribbit (D:8)
  A hornet (D:8)
  A wyvern (D:5)
  8 yaks
  2 steam dragons (D:7)
  3 orc warriors (D:9)
  3 water moccasins
  An ice beast (D:6)
  2 ogres
  A sky beast (D:4)
  2 black bears
  3 centaurs
  A phantom (D:7)
  2 bullfrogs
  A gnoll sergeant (D:7)
  2 scorpions (D:6)
  2 killer bees (D:9)
  2 electric eels (D:9)
  4 hounds
  3 jellies
  8 orc priests
  4 iguanas
  9 orc wizards
  A merfolk siren (Sewer)
  A merfolk avatar (Sewer)
  9 gnolls
  9 adders
  A river rat (Sewer)
  3 shadow imps
  2 white imps
  An ufetubus (D:7)
  4 worms
  39 orcs
  7 endoplasms
  4 giant cockroaches
  10 goblins
  7 hobgoblins
  15 jackals
  5 quokkas
  8 ball pythons
  5 bats
  8 frilled lizards
  6 kobolds
  30 rats
241 creatures vanquished.

Vanquished Creatures (others)
  2 plants (D:3)
2 creatures vanquished.

Grand Total: 243 creatures vanquished

Notes
Turn   | Place    | Note
-------+----------+-------------------------------------------
     0 | D:1      | cowcol the Draconian Berserker began the quest for the Orb.
     0 | D:1      | Reached XP level 1. HP: 19/19 MP: 1/1
   186 | D:1      | Reached XP level 2. HP: 22/26 MP: 2/2
   632 | D:1      | Reached ** piety under Trog
   879 | D:1      | Reached XP level 3. HP: 28/31 MP: 3/3
   989 | D:1      | Found a faded altar of an unknown god.
  2221 | D:2      | Identified the +3 mace of the Moon {protect, Fly rElec rF+
                  | rN+ Str-2}
  2354 | D:2      | Reached XP level 4. HP: 39/40 MP: 4/4
  2572 | D:3      | Found an opulent altar of Gozag.
  2701 | D:3      | Found a glowing drain.
  2716 | Sewer    | Entered a sewer
  2756 | Sewer    | Reached *** piety under Trog
  2792 | Sewer    | Reached skill level 1 in Maces & Flails
  2882 | Sewer    | Reached XP level 5. HP: 20/46 MP: 5/5
  3411 | Sewer    | Reached skill level 2 in Maces & Flails
  3907 | D:3      | Reached skill level 3 in Maces & Flails
  3910 | D:3      | Reached XP level 6. HP: 52/52 MP: 6/6
  3913 | D:3      | Reached **** piety under Trog
  4321 | D:4      | Noticed a sky beast
  4345 | D:4      | Killed a sky beast
  4346 | D:4      | Reached skill level 1 in Long Blades
  4346 | D:4      | Reached skill level 4 in Maces & Flails
  4463 | D:4      | Your scales start taking on an icy white colour.
  4463 | D:4      | Reached XP level 7. HP: 43/59 MP: 7/7
  4463 | D:4      | Gained mutation: Your flesh is cold resistant. (rC+) [White
                  | Draconian growth]
  4923 | D:4      | Found a staircase to the Ecumenical Temple.
  5127 | D:5      | Entered Level 5 of the Dungeon
  5165 | D:5      | Reached skill level 5 in Maces & Flails
  5249 | D:5      | Reached skill level 1 in Stealth
  5411 | D:5      | Noticed a wyvern
  5421 | D:5      | Killed a wyvern
  5600 | D:5      | Reached skill level 6 in Maces & Flails
  5600 | D:5      | Reached XP level 8. HP: 66/67 MP: 8/8
  6531 | D:6      | Reached skill level 1 in Polearms
  6536 | D:6      | Reached skill level 7 in Maces & Flails
  6613 | D:6      | Found Sefiup's Tremendous Tomes.
  6645 | D:6      | Found a sacrificial altar of Ru.
  6763 | D:6      | Reached skill level 5 in Dodging
  7023 | D:7      | Reached XP level 9. HP: 69/73 MP: 9/9
  7085 | D:7      | Reached skill level 5 in Fighting
  7096 | D:7      | Reached skill level 8 in Maces & Flails
  7239 | D:7      | Reached skill level 5 in Axes
  7239 | D:7      | Reached ***** piety under Trog
  7339 | D:7      | Found a broken altar of Ashenzari.
  7927 | D:8      | Found a snail-covered altar of Cheibriados.
  8097 | D:8      | Found a white marble altar of Elyvilon.
  8114 | D:8      | Noticed Prince Ribbit
  8135 | D:8      | Reached skill level 9 in Maces & Flails
  8809 | D:8      | Killed Prince Ribbit
  9222 | D:9      | Reached XP level 10. HP: 82/82 MP: 10/10
  9378 | D:9      | Reached skill level 5 in Long Blades
  9378 | D:9      | Reached skill level 10 in Maces & Flails
  9453 | D:9      | Found a burning altar of Makhleb.
  9470 | D:9      | Found a basalt altar of Yredelemnul.
 10371 | D:9      | Noticed Erica
 10373 | D:9      | Slain by Erica

Illustrated notes

Levels and vault maps discovered:
D:1:      spicycebolla_green_bress_n_ham_2, layout_loops_ring,
          shapermc_ecumenical_altar_petra, minivault_25,
          hangedman_decor_clover_reticule, hangedman_feature_mirror, hex_large
D:2:      layout_loops_cross
D:3:      layout_loops_cross, mainiacjoe_overflow_catwalk, portal_sewer_entry_d,
          guppyfry_early_lair_pool
D:4:      layout_loops_ring, minmay_temple_entry_statues_fountains
D:5:      layout_rooms
D:6:      layout_gridville, mainiacjoe_overflow_paths,
          nicolae_shop_i_like_big_books, corexii_corridor_pit,
          due_unseen_surprise
D:7:      layout_loops_ring, overflow_temple_1_default
D:8:      layout_cave_pools, amcnicky_altar_gilded, cheibriados_altar_1,
          uniq_prince_ribbit1
D:9:      layout_basic, mainiacjoe_overflow_catwalk_spiral,
          mainiacjoe_overflow_big_doors, erik_orc_2, uniq_erica

Skill      XL: |  1  2  3  4  5  6  7  8  9 10 |
---------------+-------------------------------+-----
Dodging        | 3 4 5 |  5.7
Axes           | 4 5 |  5.8
Maces & Flails | 1 3 4 6 7 9 10 | 10.2
Fighting       | 4 5 |  5.9
Long Blades    | 1 2 4 5 |  5.1
Stealth        | 1 2 |  2.2
Polearms       | 1 3 |  3.4
Short Blades   | |  0.8
Throwing       | |  0.9
Shields        | |  0.6

Action                   |  1- 3 |  4- 6 |  7- 9 | 10-12 || total
-------------------------+-------+-------+-------+-------++-------
Melee: Hand axe          |   149 |       |       |       ||   149
       Tailslap          |    10 |    17 |    46 |    14 ||    87
       Punch             |     1 |     1 |     5 |     1 ||     8
       Mace              |     8 |   192 |   330 |   108 ||   638
Throw: Dart              |       |       |    10 |     7 ||    17
       Throwing net      |       |       |     2 |       ||     2
Invok: Berserk           |       |     4 |    11 |     1 ||    16
       Trog's Hand       |       |     2 |       |       ||     2
 Abil: Breathe Frost     |       |       |     6 |     2 ||     8
  Use: Scroll            |     3 |     4 |     5 |     3 ||    15
       Potion            |       |       |       |     1 ||     1
 Stab: Sleeping          |       |     1 |     1 |       ||     2
Armor: Skin              |    35 |    81 |   114 |    30 ||   260
Dodge: Dodged            |   108 |   119 |   209 |    90 ||   526
Block: Other             |       |    33 |    62 |    31 ||   126
       Reflection        |       |     1 |     5 |       ||     6
